Map: Disco Bloodbath LE

Players

Mez - Winner!

  • Race: Terran Terran
  • League: Master
  • Spawn Location: 9:00

Motor

  • Race: Zerg Zerg
  • League: Master
  • Spawn Location: 3:00

VOD

Have the link to the VOD?

Description

Time

  • Played on: Sept. 3, 2019, 12:01 a.m.
  • Length: 11:37
Show
View Real Time Build Order
Export as new Build Order

Mez Terran - Winner!

Build Orders: Liberator Opening, Reaper Expand 

Get SALT Encoding   

  12  0:01  SCV  
  13  0:13  SCV  
  14  0:17  Supply Depot  
  14  0:25  SCV  
  15  0:38  SCV  
  15  0:42  Barracks  
  16  0:46  Refinery  
  16  0:51  SCV  
  17  1:03  SCV  
  18  1:15  SCV  
  19  1:29  Orbital Command  
  19  1:31  Reaper  
  20  1:40  Command Center  
  20  1:48  Supply Depot  
  20  1:56  SCV  
  21  2:03  Marine  
  22  2:20  SCV  
  23  2:25  Factory  
  23  2:26  Barracks Reactor  
  23  2:31  Refinery  
  23  2:32  SCV  
  23  2:55  Orbital Command  
  23  2:57  SCV  
  23  3:09  SCV  
  23  3:11  Starport  
  24  3:16  Hellion x2  
  28  3:20  Barracks Tech Lab  
  28  3:21  SCV  
  30  3:31  Liberator  
  30  3:33  SCV  
  29  3:37  Hellion x2  
  29  3:41  Supply Depot  
  32  3:44  Orbital Command  
  32  3:51  SCV  
  32  3:52  Marine  
  37  4:06  SCV, Hellion x2  
  42  4:10  Stimpack  
  42  4:14  SCV  
  43  4:18  SCV  
  43  4:20  Liberator  
  44  4:26  SCV  
  44  4:27  Supply Depot  
  44  4:30  SCV  
  50  4:31  Hellion x2  
  50  4:38  SCV  
  54  4:49  SCV  
  54  4:50  SCV, Supply Depot  
  56  4:53  Marine  
  57  5:01  SCV  
  57  5:02  SCV  
  57  5:05  Factory Reactor  
  57  5:13  SCV  
  58  5:14  SCV  
  58  5:15  Command Center  
  59  5:25  SCV  
  59  5:26  SCV  
  59  5:28  Barracks, Starport Reactor  
  61  5:30  Marine  
  61  5:33  Barracks  
  59  5:37  SCV  
  59  5:38  SCV  
  61  5:49  SCV  
  60  5:50  SCV  
  53  6:01  Marine  
  53  6:03  SCV x2  
  46  6:06  Supply Depot  
  46  6:07  Engineering Bay  
  46  6:08  Engineering Bay  
  46  6:10  Factory Tech Lab  
  46  6:13  Supply Depot  
  46  6:15  Supply Depot  
  46  6:16  Supply Depot, Combat Shield  
  46  6:19  Marine  
  46  6:21  Marine x4  
  46  6:25  Medivac x2  
  53  6:28  Orbital Command  
  53  6:30  Siege Tank  
  58  6:34  Terran Infantry Weapons Level 1  
  58  6:37  Terran Infantry Armor Level 1  
  58  6:43  Refinery  
  58  6:45  Refinery  
  58  6:47  Marine x3  
  58  6:50  SCV x2  
  58  6:52  Marine x2  
  65  7:02  Barracks  
  65  7:03  Orbital Command  
  65  7:04  Barracks  
  65  7:05  Marine  
  66  7:11  Marine  
  66  7:12  Marine x3  
  66  7:13  Siege Tank  
  73  7:22  Marine  
  73  7:29  Marine x2, SCV x2  
  77  7:30  Marine x2, SCV  
  77  7:31  Medivac x2  
  84  7:40  Marine  
  84  7:41  SCV  
  84  7:42  SCV x2  
  88  7:45  Armory  
  88  7:47  Marine x2  
  90  7:51  Supply Depot  
  90  7:52  Marine  
  90  7:54  SCV  
  94  7:59  SCV  
  94  8:01  Barracks Reactor x2  
  94  8:03  SCV  
  94  8:06  SCV  
  94  8:11  SCV  
  95  8:16  Marine  
  95  8:17  Marine x4  
  99  8:20  Siege Tank, Medivac  
  100  8:31  SCV x3  
  103  8:34  Marine x2  
  100  8:43  SCV x2  
  100  8:46  Marine  
  100  8:47  Marine x6  
  105  8:50  Terran Infantry Armor Level 2, Terran Infantry Weapons Level 2  
  105  8:53  SCV  
  105  8:55  SCV x2  
  108  8:57  Supply Depot  
  106  9:16  Supply Depot  
  101  9:23  Marine x8  
  108  9:24  Siege Tank  
  108  9:25  Medivac x2  
  108  9:26  SCV x2  
  108  9:30  Refinery x2  
  117  9:32  Command Center  
  117  9:33  Supply Depot  
  117  9:34  Supply Depot x2  
  117  9:38  Factory  
  112  9:55  Marine x9  
  112  9:56  Siege Tank, Medivac  
  117  10:13  Marine x6  
  123  10:16  Marine x3  
  124  10:25  Factory Tech Lab  
  124  10:28  Siege Tank  
  124  10:30  Barracks x2  
  124  10:31  Marine x4, Barracks  
  131  10:36  Supply Depot  
  131  10:38  Marine, Supply Depot  
  131  10:39  Marine x4  
  136  10:48  Marine  
  136  10:49  Marine  
  138  11:13  Marine x8  
  138  11:14  Marine  
Show
View Real Time Build Order
Export as new Build Order

Motor Zerg 

Build Orders: Pool First 

Get SALT Encoding   

  12  0:00  Drone  
  13  0:08  Drone  
  14  0:18  Overlord  
  14  0:21  Extractor  
  14  0:23  Drone  
  14  0:36  Drone x2  
  16  0:48  Spawning Pool  
  15  0:51  Drone  
  16  0:59  Drone  
  17  1:05  Drone  
  18  1:26  Hatchery  
  17  1:36  Zergling x4  
  17  1:37  Zergling x2  
  20  1:43  Metabolic Boost  
  20  1:52  Queen  
  22  1:58  Overlord  
  22  2:06  Zergling x2, Extractor  
  23  2:19  Drone  
  24  2:45  Zergling x8  
  27  2:57  Queen, Drone x2  
  30  2:58  Queen  
  31  3:08  Drone x4  
  35  3:16  Overlord  
  35  3:35  Drone x4  
  39  3:45  Drone  
  39  3:48  Pneumatized Carapace  
  40  3:49  Drone x3  
  40  3:51  Lair  
  40  3:53  Extractor  
  42  3:57  Drone  
  43  4:05  Overlord  
  43  4:06  Roach Warren, Drone  
  43  4:11  Drone  
  43  4:16  Overlord  
  44  4:25  Drone x4  
  44  4:27  Extractor, Drone x3  
  50  4:34  Evolution Chamber  
  49  4:39  Drone x2  
  50  4:54  Queen  
  50  4:58  Extractor  
  47  5:09  Spire  
  45  5:15  Spore Crawler  
  45  5:16  Queen  
  45  5:18  Spore Crawler  
  45  5:22  Drone  
  45  5:23  Roach x3  
  50  5:36  Drone x2  
  28  6:05  Drone  
  28  6:06  Drone x6  
  28  6:09  Drone  
  36  6:22  Drone x2  
  38  6:30  Hatchery  
  38  6:32  Ravager x3  
  40  6:35  Drone x2  
  42  6:44  Zerg Missile Weapons Level 1, Drone  
  42  6:45  Drone x3  
  46  6:48  Drone x2  
  46  6:54  Drone  
  49  7:12  Roach  
  49  7:15  Overlord x3  
  51  7:19  Spine Crawler  
  51  7:21  Roach x2  
  51  7:24  Spine Crawler  
  44  7:30  Roach x3  
  44  7:31  Zergling x2  
  51  7:39  Zergling x6  
  51  7:44  Zergling x6  
  57  7:47  Ravager x3  
  57  7:48  Zergling x2  
  61  7:57  Drone x2  
  61  7:58  Drone  
  64  8:04  Roach x2  
  61  8:18  Zergling x8  
  61  8:19  Zergling x8  
  64  8:22  Ravager x2  
  64  8:25  Zergling x4  
  64  8:31  Drone x2  
  50  8:48  Roach x4  
  43  8:49  Roach  
  43  8:50  Queen x2  
  43  8:52  Roach  
  53  9:01  Roach  
  53  9:02  Roach  
  57  9:05  Roach x3  
  55  9:25  Overlord x3  
  16  10:25  Zergling x2  
  16  10:26  Zergling x10  
  22  10:32  Queen  
  22  10:33  Baneling Nest  
  23  10:39  Mutalisk  
  25  11:01  Zergling x8  
  28  11:14  Zergling x2  
Tags
 
Add a new tag
Caveats
  • Supply blocks, unpowered buildings, or Contaminate may cause inaccurate times.
  • Supply counts are checked every 10 seconds.